 Dungeon Crawl Stone Soup version 0.21.1-1-g345015f (webtiles) character file.

4457 tognito the Severer (level 10, -8/115 HPs)
             Began as a Minotaur Berserker on July 7, 2018.
             Was an Elder of Trog.
             Mangled by a two-headed ogre
             ... wielding a +0 giant club
              (15 damage)
             ... on level 8 of the Dungeon.
             The game lasted 00:13:26 (6186 turns).

tognito the Severer (Minotaur Berserker)            Turns: 6186, Time: 00:13:27

Health: -8/115     AC: 14    Str: 31    XL:     10   Next: 15%
Magic:  9/9        EV: 11    Int:  4    God:    Trog [****..]
Gold:   353        SH:  0    Dex:  9    Spells: 9/9 levels left

rFire    . . .     SeeInvis .   a - +0 war axe (drain)
rCold    . . .     Gourm    .   (no shield)
rNeg     . . .     Faith    .   v - +0 plate armour
rPois    .         Spirit   .   (helmet unavailable)
rElec    .         Reflect  .   (no cloak)
rCorr    .         Harm     .   z - +1 pair of gloves
MR       .....                  h - +0 pair of boots
Stlth    ..........             (no amulet)
HPRegen  0.29/turn              l - +3 ring of evasion
MPRegen  0.11/turn              D - ring of stealth

@: berserking, lethally poisoned (-8 -> -11), very quick
A: retaliatory headbutt, hooves 1, horns 3, screaming 1
a: Berserk, Trog's Hand, Brothers in Arms, Burn Spellbooks, Renounce Religion


You were on level 8 of the Dungeon.
You worshipped Trog.
Trog was greatly pleased with you.
You were near starving.

You visited 1 branch of the dungeon, and saw 8 of its levels.

You collected 353 gold pieces.

Inventory:

Hand Weapons
 a - a +0 war axe of draining (weapon)
 b - a +0 shortbow
Missiles
 f - 38 bolts
 r - 124 arrows
Armour
 h - a +0 pair of boots (worn)
 v - a +0 plate armour (worn)
 z - a +1 pair of gloves (worn)
Jewellery
 l - a +3 ring of evasion (left hand)
 y - an uncursed ring of resist corrosion
 A - a +2 ring of intelligence
 D - a ring of stealth (right hand)
Wands
 o - a wand of flame (13)
 s - a wand of disintegration (16)
 u - a wand of polymorph (20)
 x - a wand of enslavement (31)
 F - a wand of random effects (30)
Scrolls
 d - 2 scrolls of blinking
 e - 4 scrolls of teleportation
 g - 6 scrolls of remove curse
 i - 2 scrolls of amnesia {unknown}
 k - 4 scrolls of identify
 m - a scroll of fog {unknown}
 n - 3 scrolls of enchant armour {unknown}
 p - a scroll of immolation {unknown}
 q - 5 scrolls of magic mapping {unknown}
 t - 2 scrolls of fear {unknown}
 w - a scroll of silence {unknown}
 B - a scroll of vulnerability {unknown}
 C - a scroll of enchant weapon {unknown}
Potions
 j - a potion of might
Comestibles
 c - 17 rations


   Skills:
 - Level 3.6 Fighting
 + Level 16.7 Axes
 - Level 0.1 Bows
 - Level 2.4 Armour
 - Level 2.1 Dodging


You had 9 spell levels left.
You didn't know any spells.

Dungeon Overview and Level Annotations

Branches:
Dungeon (8/15)             Temple (0/1) D:6
   Lair: D:8-11

Altars:


Innate Abilities, Weirdness & Mutations

You reflexively headbutt those who attack you in melee.
You have a pair of large horns on your head.
You have large cloven feet.
You occasionally shout uncontrollably at your foes.


Message History

You have reached level 10!
You feel sick.
You feel sick.
The two-headed ogre hits you with a giant club.
The two-headed ogre hits you with a giant club!
* * * LOW HITPOINT WARNING * * *
Items here: ))) [ †† You barely miss the two-headed ogre.
Your headbutt misses the two-headed ogre.
You hit the two-headed ogre.
Your headbutt misses the two-headed ogre.
The two-headed ogre is lightly wounded.
You feel sick. The two-headed ogre closely misses you.
The two-headed ogre hits you with a giant club!
* * * LOW HITPOINT WARNING * * *
A red film seems to cover your vision as you go berserk!
You feel yourself moving faster!
You feel mighty!
You are near starving!
The two-headed ogre hits you with a giant club!
You die...

#######
#...).. #
#...##.##...
+...@O......
#...##.###..
#.#...## ..
#.....<# .#
######## #


You could see a two-headed ogre.

Vanquished Creatures
  Erica (D:8)
  A two-headed ogre (D:8)
  The ghost of diana the Carver, a novice DrFi of Okawaru (D:7)
  Prince Ribbit (D:5)
  The ghost of Glalom the Basher, an amateur MiBe of Trog (D:4)
  Edmund (D:5)
  An orc warrior (D:7)
  A sky beast (D:6)
  An ice beast (D:7)
  An ogre (D:7)
  3 centaurs
  4 bullfrogs
  A gnoll sergeant (D:5)
  A scorpion (D:4)
  5 killer bees (D:7)
  3 wights (D:6)
  A howler monkey (D:4)
  2 crimson imps
  2 centaur zombies
  A centaur skeleton (D:8)
  2 orc priests (D:6)
  A jelly (D:7)
  8 orc wizards
  2 iguanas
  Ijyb (D:3)
  4 worker ants
  A hound zombie (D:5)
  A hound skeleton (D:5)
  A worker ant zombie (D:7)
  5 gnolls (D:5)
  A howler monkey skeleton (D:5)
  5 adders
  A shadow imp (D:5)
  An ooze (D:3)
  An adder zombie (D:6)
  2 worms
  4 dart slugs (D:1)
  5 leopard geckos
  23 orcs
  7 bats
  4 giant cockroaches
  9 goblins
  5 hobgoblins (D:1)
  4 jackals
  8 kobolds
  6 quokkas
  A ball python (D:3)
  7 frilled lizards
  A giant cockroach zombie (D:5)
  A leopard gecko skeleton (D:4)
  5 rats
160 creatures vanquished.

Notes
Turn   | Place    | Note
-------+----------+-------------------------------------------
     0 | D:1      | tognito the Minotaur Berserker began the quest for the Orb.
     0 | D:1      | Reached XP level 1. HP: 19/19 MP: 0/0
    30 | D:1      | Reached skill level 4 in Axes
    48 | D:1      | Reached XP level 2. HP: 21/26 MP: 1/1
   344 | D:1      | Reached skill level 5 in Axes
   365 | D:1      | Reached XP level 3. HP: 25/31 MP: 2/2
  1109 | D:2      | Reached ** piety under Trog
  1957 | D:3      | Reached skill level 6 in Axes
  1957 | D:3      | Reached XP level 4. HP: 33/39 MP: 3/3
  2008 | D:3      | Reached XP level 5. HP: 42/45 MP: 4/4
  2024 | D:3      | Reached skill level 7 in Axes
  2032 | D:3      | Noticed Ijyb
  2053 | D:3      | Killed Ijyb
  2707 | D:4      | Noticed Glalom's ghost (amateur MiBe)
  2718 | D:4      | Killed Glalom's ghost
  2718 | D:4      | Reached skill level 8 in Axes
  2718 | D:4      | Reached XP level 6. HP: 38/51 MP: 5/5
  2736 | D:4      | Reached skill level 9 in Axes
  3207 | D:4      | Reached *** piety under Trog
  3485 | D:5      | Entered Level 5 of the Dungeon
  3525 | D:5      | Reached XP level 7. HP: 57/57 MP: 6/6
  3541 | D:5      | Reached skill level 10 in Axes
  3940 | D:5      | Reached skill level 11 in Axes
  4035 | D:5      | Noticed Edmund
  4044 | D:5      | Reached XP level 8. HP: 37/64 MP: 7/7
  4047 | D:5      | Killed Edmund
  4113 | D:5      | Noticed Prince Ribbit
  4128 | D:5      | Killed Prince Ribbit
  4128 | D:5      | Reached skill level 12 in Axes
  4531 | D:6      | Reached skill level 13 in Axes
  4548 | D:6      | Reached **** piety under Trog
  4815 | D:6      | Found a staircase to the Ecumenical Temple.
  5213 | D:7      | Reached XP level 9. HP: 69/70 MP: 8/8
  5399 | D:7      | Reached skill level 14 in Axes
  5710 | D:7      | Gained mutation: You have a pair of large horns on your head. [potion of mutation]
  5710 | D:7      | Gained mutation: You occasionally shout uncontrollably at your foes. [potion of mutation]
  5710 | D:7      | Gained mutation: You have large cloven feet. [potion of mutation]
  5994 | D:7      | Noticed diana's ghost (novice DrFi)
  6004 | D:7      | Killed diana's ghost
  6004 | D:7      | Reached skill level 15 in Axes
  6167 | D:8      | Noticed a two-headed ogre
  6172 | D:8      | Noticed Erica
  6175 | D:8      | Killed a two-headed ogre
  6175 | D:8      | Reached skill level 16 in Axes
  6177 | D:8      | Noticed a two-headed ogre
  6182 | D:8      | Killed Erica
  6182 | D:8      | Reached XP level 10. HP: 29/77 MP: 9/9
  6186 | D:8      | Mangled by a two-headed ogre

Skill      XL: |  1  2  3  4  5  6  7  8  9 |
---------------+----------------------------+-----
Axes           | 4 5 6 8 9 11 13 16 | 16.7
Fighting       | |  3.6
Bows           | |  0.1
Armour         | |  2.4
Dodging        | |  2.1

Action                   |  1- 3 |  4- 6 |  7- 9 | 10-12 || total
-------------------------+-------+-------+-------+-------++-------
Melee: Hand axe          |   102 |    70 |       |       ||   172
       Headbutt          |    13 |    13 |    37 |       ||    63
       War axe           |       |    38 |   240 |     2 ||   280
 Fire: Shortbow          |       |    14 |    55 |       ||    69
Invok: Trog's Hand       |       |       |     1 |       ||     1
       Berserk           |       |       |       |     1 ||     1
  Use: Potion            |     4 |     3 |     3 |       ||    10
       Scroll            |       |       |     3 |       ||     3
 Stab: Sleeping          |     1 |       |       |       ||     1
  Eat: Chunk             |     3 |     5 |     8 |       ||    16
Armor: Animal skin       |     9 |       |       |       ||     9
       Chain mail        |    37 |    38 |       |       ||    75
       Plate armour      |       |    15 |   123 |       ||   138
Dodge: Dodged            |    41 |    36 |   119 |     1 ||   197
